 Dungeon Crawl Stone Soup version 0.27.0-1-g7a089689b8 (webtiles) character file.

Game seed: 13847736914767588835

2390 sasquatch the Cleaver (level 9, -17/70 HPs)
             Began as a Minotaur Berserker on Aug 8, 2021.
             Was a Priest of Trog.
             Demolished by an orc warrior (19 damage)
             ... on level 9 of the Dungeon.
             The game lasted 00:05:44 (3340 turns).

sasquatch the Cleaver (Minotaur Berserker)          Turns: 3340, Time: 00:05:44

Health: -17/70     AC: 11    Str: 31    XL:     9   Next: 22%
Magic:  8/8        EV:  8    Int:  4    God:    Trog [***...]
Gold:   101        SH:  0    Dex: 10    Spells: 8/8 levels left

rFire    . . .     SeeInvis .   m - +0 war axe
rCold    . . .     Faith    .   (no shield)
rNeg     . . .     Spirit   .   q - +0 plate armour
rPois    .         Reflect  .   (helmet restricted)
rElec    .         Harm     .   (no cloak)
rCorr    .         Rampage  .   (no gloves)
Will     .....                  (no boots)
Stlth    ..........             (no amulet)
HPRegen  0.21/turn              b - +6 ring of strength
MPRegen  0.11/turn              (no ring)

@: on berserk cooldown, slowed, very slow
A: horns 2, retaliatory headbutt
a: Renounce Religion, Berserk, Trog's Hand


You were on level 9 of the Dungeon.
You worshipped Trog.
Trog was most pleased with you.
You visited 1 branch of the dungeon, and saw 8 of its levels.

You collected 101 gold pieces.

Inventory:

Hand Weapons
 m - a +0 war axe (weapon)
 o - a +6 scimitar
Missiles
 r - 7 javelins (quivered)
Armour
 q - a +0 plate armour (worn)
Jewellery
 b - a +6 ring of strength (left hand)
Wands
 h - a wand of polymorph (15)
Scrolls
 d - 2 scrolls of amnesia {unknown}
 e - a scroll of brand weapon {unknown}
 f - 2 scrolls of teleportation {unknown}
 g - a scroll of enchant armour {unknown}
 i - 4 scrolls of identify {unknown}
 p - a scroll of magic mapping {unknown}
Potions
 a - a potion of brilliance {unknown}
 c - a potion of attraction {unknown}
 j - a potion of heal wounds
 k - a potion of berserk rage {unknown}
 l - a potion of curing {unknown}
 n - a potion of magic {unknown}


   Skills:
 - Level 3.6 Fighting
 + Level 14.4 Axes
 - Level 2.4 Armour
 - Level 2.1 Dodging


You had 8 spell levels left.
You didn't know any spells.
Your spell library was empty.

Dungeon Overview and Level Annotations

Branches:
Dungeon (7/15)             Temple (0/1) D:5

Altars:


Innate Abilities, Weirdness & Mutations

You have a pair of horns on your head.
You reflexively headbutt those who attack you in melee.


Message History

The orc warrior is heavily wounded.
You bump into the rock wall.
The orc warrior barely misses you.
You feel a strong urge to attack something.
There is an open door here.
You slash the orc warrior! Your headbutt misses the orc warrior.
The orc warrior is almost dead.
You hit something but do no damage. Something hits you but does no damage.
Something bites you.
Something draws strength from your injuries!
You bump into the rock wall.
The orc warrior hits you with a +0 dire flail!
Something hits you but does no damage. Something bites you.
Something draws strength from your injuries!
You bump into the rock wall.
You feel a strong urge to attack something.
The orc warrior hits you with a +0 dire flail.
You bump into the rock wall.
You feel less confused.
You are no longer berserk.
You are exhausted.
You feel yourself slow down. Something hits you but does no damage.
Something bites you!
Something draws strength from your injuries!
You barely miss the orc warrior.
The orc warrior is almost dead.
You slash something!
The orc warrior hits you with a +0 dire flail!!
* * * LOW HITPOINT WARNING * * *
You hear some strange, mumbled words.
Something tries to affect you, but you resist.
The orc warrior hits you with a +0 dire flail.
* * * LOW HITPOINT WARNING * * *
You hit the orc warrior.
The orc warrior is almost dead.
You slash something! Something hits you.
* * * LOW HITPOINT WARNING * * *
Something bites you!
* * * LOW HITPOINT WARNING * * *
Something draws strength from your injuries!
The orc warrior hits you with a +0 dire flail!!
You die...

##+#.#....$.......
#....#....###..$.....
#.........# .....
#.........# ....
###.......# ...
+.......# ..#
#.......#### ..##
#...##......##)..#.#
+)..++.....{@o)....#
#...##......##....##
#...######...........
#.... #.####.#..#.
#.... #+# .. .# #.#
.. .. . #.#


You could see an orc warrior.

Vanquished Creatures
  Grinder (D:3)
  Sigmund (D:3)
  A wyvern (D:9)
  Eustachio (D:5)
  2 vampire mosquitoes (D:7)
  Edmund (D:5)
  An orc warrior (D:7)
  2 centaurs
  An ogre (D:5)
  A phantom (D:5)
  2 bullfrogs (D:6)
  A water moccasin zombie (D:6)
  5 wights (D:6)
  The ghost of tylerjbraun the Ducker, a weakling SpAK of Lugonu (D:5)
  A gnoll shaman (D:6)
  2 centaur skeletons
  A hound (D:6)
  3 orc priests
  2 bullfrog skeletons (D:6)
  3 iguanas
  3 orc wizards
  A killer bee zombie (D:7)
  3 adders
  4 gnolls (D:6)
  An adder skeleton (D:4)
  A dart slug (D:4)
  19 orcs
  A bat (D:3)
  3 endoplasms
  A giant cockroach (D:4)
  2 goblins
  3 hobgoblins
  A kobold (D:3)
  A quokka (D:4)
  A ball python (D:3)
  A rat (D:2)
79 creatures vanquished.

Notes
Turn   | Place    | Note
-------+----------+-------------------------------------------
     0 | D:1      | sasquatch the Minotaur Berserker began the quest for the
                  | Orb.
     0 | D:1      | Reached XP level 1. HP: 19/19 MP: 0/0
   244 | D:2      | Reached skill level 4 in Axes
   244 | D:2      | Reached XP level 2. HP: 24/26 MP: 1/1
   502 | D:3      | Reached skill level 5 in Axes
   588 | D:3      | Noticed Grinder
   602 | D:3      | Killed Grinder
   603 | D:3      | Reached skill level 7 in Axes
   603 | D:3      | Reached XP level 3. HP: 24/31 MP: 2/2
   603 | D:3      | Reached XP level 4. HP: 31/39 MP: 3/3
   603 | D:3      | Reached XP level 5. HP: 36/45 MP: 4/4
   780 | D:3      | Noticed Sigmund
   798 | D:3      | Killed Sigmund
   799 | D:3      | Reached skill level 8 in Axes
   799 | D:3      | Reached XP level 6. HP: 51/51 MP: 5/5
  1224 | D:4      | Reached skill level 9 in Axes
  1286 | D:5      | Entered Level 5 of the Dungeon
  1286 | D:5      | Found a runed translucent gate.
  1286 | D:5      | Found a runed translucent gate.
  1286 | D:5      | Found a runed translucent gate.
  1286 | D:5      | Noticed tylerjbraun's ghost (weakling SpAK)
  1289 | D:5      | Identified the +4 spear "Ogih Huo" {elec, rC++}
  1317 | D:5      | Killed tylerjbraun's ghost
  1318 | D:5      | Reached ** piety under Trog
  1676 | D:5      | Reached XP level 7. HP: 57/57 MP: 6/6
  1678 | D:5      | Reached skill level 10 in Axes
  1760 | D:5      | Noticed Edmund
  1767 | D:5      | Killed Edmund
  1835 | D:5      | Found a staircase to the Ecumenical Temple.
  1839 | D:5      | Noticed Eustachio
  1854 | D:5      | Killed Eustachio
  1855 | D:5      | Reached skill level 11 in Axes
  1906 | D:5      | Reached XP level 8. HP: 64/64 MP: 7/7
  2203 | D:6      | Reached skill level 12 in Axes
  2535 | D:6      | Reached skill level 13 in Axes
  2739 | D:7      | Reached *** piety under Trog
  2809 | D:7      | Noticed a boulder beetle
  2916 | D:7      | Reached XP level 9. HP: 58/70 MP: 8/8
  3102 | D:7      | Reached skill level 14 in Axes
  3194 | D:7      | You fall into a shaft and drop 2 floors!
  3340 | D:9      | HP: 2/70 [something (10)]
  3340 | D:9      | Demolished by an orc warrior

Illustrated notes

Levels and vault maps discovered:
D:1:      lightli_arrival_statuegarden, layout_basic,
          chequers_ecumenical_altar_simple, minmay_heptomino_o4
D:2:      layout_loops_corners
D:3:      layout_loops_cross, lemuel_tele_altar, minitemple, uniq_sigmund,
          uniq_grinder
D:4:      minmay_door_path, layout_basic, sigmund_army
D:5:      layout_loops_ring, minmay_temple_entry_junction,
          nicolae_ossuary_entry_false_entrances, biasface_ghost_orc_armoury,
          kennysheep_cluttered_room, uniq_edmund, uniq_eustachio
D:6:      layout_gridville, mainiacjoe_overflow_concentric_impassable,
          minmay_misc_feat_rugged, uniq_menkaure
D:7:      layout_basic, lemuel_coloured_pillars_altar, kennysheep_little_box,
          serial_shops, shop, kennysheep_generic_room_12
D:9:      layout_basic, lair_entry_dummy

Skill      XL: |  1  2  3  4  5  6  7  8  9 |
---------------+----------------------------+-----
Axes           | 4 7 8 9 11 13 14 | 14.4
Fighting       | |  3.6
Armour         | |  2.4
Dodging        | |  2.1

Action                   |  1- 3 |  4- 6 |  7- 9 || total
-------------------------+-------+-------+-------++-------
Melee: Hand axe          |    31 |    79 |    33 ||   143
       Headbutt          |     2 |     8 |    26 ||    36
       War axe           |       |       |   102 ||   102
Throw: Javelin           |       |       |     1 ||     1
Invok: Berserk           |     2 |     4 |     9 ||    15
 Stab: Sleeping          |     3 |       |       ||     3
Armor: Animal skin       |     1 |     2 |       ||     3
       Chain mail        |       |    10 |    44 ||    54
       Ring mail         |       |     3 |       ||     3
       Plate armour      |       |       |     7 ||     7
Dodge: Dodged            |    11 |    30 |    34 ||    75
